 Dungeon Crawl Stone Soup version 0.30-a0-159-g068b764562 (webtiles) character file.

Game seed: 3282964544646834635

21 Flugkiller the Conjurer (level 2, 0/7 (31) HPs)
             Began as an Ogre Reaver on Sept 27, 2022.
             Slain by a jackal (1 damage)
             ... on level 1 of the Dungeon.
             The game lasted 00:00:26 (301 turns).

Flugkiller the Conjurer (Ogre Reaver)                Turns: 301, Time: 00:00:27

HP:   0/7 (31)      AC:  3    Str: 15    XL:     2   Next: 87%
MP:   3/5           EV:  9    Int: 14    God:
Gold: 20            SH:  0    Dex:  7    Spells: 5/6 levels left

rFire   . . .      SeeInvis .    a - +0 mace
rCold   . . .      Faith    .    (no shield)
rNeg    . . .      Spirit   .    b - +0 robe
rPois   .          Reflect  .    (helmet restricted)
rElec   .          Harm     .    (no cloak)
rCorr   .          Rampage  .    (gloves unavailable)
Will    .....                    (boots unavailable)
Stlth   +.........               (no amulet)
HPRegen 0.02/turn                (no ring)
MPRegen 0.09/turn                (no ring)

@: extremely drained
A: large, unfitting armour, tough skin 1
a: no special abilities


You were on level 1 of the Dungeon.
You visited 1 branch of the dungeon, and saw 1 of its levels.

You collected 20 gold pieces.

Inventory:

Hand Weapons
 a - a +0 mace (weapon)
Armour
 b - a +0 robe (worn)
Scrolls
 c - a scroll of poison {unknown}
Potions
 d - a potion of curing {unknown}
 e - a potion of berserk rage {unknown}


   Skills:
 + Level 3.2 Fighting
 - Level 2.6 Maces & Flails
 - Level 1.7 Dodging
 + Level 2.8 Spellcasting
 * Level 3.2 Conjurations


You had 5 spell levels left.
You knew the following spells:

 Your Spells              Type           Power      Damage    Failure   Level
a - Kiss of Death         Conj/Necr      24%        2d7       12%         1

Your spell library contained the following spells:

 Spells                   Type           Power      Damage    Failure   Level
 Volcanic Tap             Conj/Fire/Erth 8%         3d8       22%         2
 Hailstorm                Conj/Ice       6%         3d4       34%         3


Dungeon Overview and Level Annotations

Branches:
Dungeon (1/15) Zot: 5686

Altars:


Innate Abilities, Weirdness & Mutations

You are too large for most types of armour.
You have tough skin. (AC +1)


Message History

You closely miss the jackal. The jackal barely misses you.
A jackal comes into view.
The jackal closely misses you.
You barely miss the jackal. The jackal barely misses you. x2
You closely miss the jackal. The jackal closely misses you.
The jackal bites you but does no damage.
The jackal bites you. The jackal attacks as you move away!
The jackal bites you but does no damage.
The jackal bites you.
Items here: ) ††††.
The jackal attacks as you move away!
The jackal bites you but does no damage.
You barely miss the jackal. The jackal closely misses you.
You hit the jackal but do no damage. The jackal barely misses you.
You hit the jackal.
The jackal is heavily wounded.
The jackal bites you but does no damage. x2
You hit the jackal.
You kill the jackal!
The jackal bites you.
You hit the jackal but do no damage. The jackal bites you. x2
You closely miss the jackal. The jackal barely misses you.
You hit the jackal.
The jackal is moderately wounded.
The jackal bites you but does no damage.
The jackal barely misses you.
You hit the jackal but do no damage.
The jackal is moderately wounded.
The jackal closely misses you. The jackal barely misses you.
You closely miss the jackal.
The jackal is moderately wounded.
The jackal bites you.
* * * LOW HITPOINT WARNING * * *
You closely miss the jackal.
The jackal is moderately wounded.
The jackal bites you.
* * * LOW HITPOINT WARNING * * *
The jackal bites you but does no damage.
Casting: Kiss of Death (safe; 12% risk of failure)
Confirm with . or Enter, or press ? or * to list all spells.
Aiming: Kiss of Death (safe; 12% risk of failure)
Press: ? - help, Shift-Dir - straight line, f - jackal
Aim: a jackal (moderately wounded, 100% to hit)
The negative energy hits the jackal!
The jackal is drained!
You kill the jackal!
You feel drained. The jackal barely misses you.
You hit the jackal.
You kill the jackal!
The jackal completely misses you.
Casting: Kiss of Death (safe; 12% risk of failure)
Confirm with . or Enter, or press ? or * to list all spells.
Aiming: Kiss of Death (safe; 12% risk of failure)
Press: ? - help, Shift-Dir - straight line, f - jackal
Aim: a jackal (100% to hit)
The negative energy hits the jackal!
The jackal is drained!
You kill the jackal!
You feel drained.
Items here: ) ††††††.
You start resting.
Magic restored.
You start resting.
An endoplasm is nearby!
A jackal comes into view.
The jackal barks!
A jackal comes into view.
There are monsters nearby!
There are monsters nearby!
A jackal comes into view.
The jackal moves out of view.
The jackal barks!
You miss the jackal.
The jackal bites you but does no damage. x2
Casting: Kiss of Death (safe; 12% risk of failure)
Confirm with . or Enter, or press ? or * to list all spells.
Aiming: Kiss of Death (safe; 12% risk of failure)
Press: ? - help, Shift-Dir - straight line, f - jackal
Aim: a jackal (100% to hit)
The negative energy hits the jackal.
The jackal is drained!
You kill the jackal!
You feel drained.
The jackal barks!
The jackal bites you but does no damage.
You hit the jackal but do no damage. The jackal bites you. x2
You barely miss the jackal. The jackal closely misses you.
You barely miss the jackal. The jackal completely misses you.
The jackal barely misses you.
You closely miss the jackal. The jackal bites you.
* * * LOW HITPOINT WARNING * * *
The jackal bites you.
* * * LOW HITPOINT WARNING * * *
Casting: Kiss of Death (safe; 12% risk of failure)
Confirm with . or Enter, or press ? or * to list all spells.
Aiming: Kiss of Death (safe; 12% risk of failure)
Press: ? - help, Shift-Dir - straight line, f - jackal
Aim: a jackal (100% to hit)
The negative energy hits the jackal!
The jackal is drained!
You kill the jackal!
You feel drained. The jackal bites you.
You die...

.....########.....#
.#....)...##.....#
..........).....#
#.#####..######.##
#.#...#..######..#####
#.'.<.#......###.....#
#)#...#..###.#######.#
.##+##.#####..# #..#
#.# #..........@h..#
##.## #.#
#.#####.##'##..#
#..#####.# #.#...#..#
##.#...... +.#|..#h.#
#..†..... #.#...#...
#........ #.#####h..#
#........ ... ....#
#........ .. ..h.#
#........ #........


You could see a jackal.

Vanquished Creatures
  A goblin (D:1)
  2 hobgoblins (D:1)
  10 jackals (D:1)
  A kobold (D:1)
  3 ball pythons (D:1)
17 creatures vanquished.

Notes
Turn   | Place    | Note
-------+----------+-------------------------------------------
     0 | D:1      | Flugkiller the Ogre Reaver began the quest for the Orb.
     0 | D:1      | Reached XP level 1. HP: 22/22 MP: 3/3
   131 | D:1      | Reached XP level 2. HP: 25/31 MP: 5/5
   301 | D:1      | Slain by a jackal

Illustrated notes

Levels and vault maps discovered:
D:1:      minmay_arrival_four_houses, layout_rooms

Skill      XL: |  1 |
---------------+----+-----
Fighting       | 3 |  3.2
Conjurations   | 3 |  3.2
Maces & Flails | |  2.6
Dodging        | |  1.7
Spellcasting   | |  2.8

Action                   || total
-------------------------++-------
Melee: Mace              ||    43
 Cast: Kiss of Death     ||     5
Armor: Robe              ||    17
Dodge: Dodged            ||    32

Table legend: (Time is in decaauts)
 A = Elapsed time spent in this place.
 B = Non-inter-level travel time spent in this place.
 C = Inter-level travel time spent in this place.
 D = Time resting spent in this place.
 E = Time spent auto-exploring this place.
 F = Levels seen in this place.
 G = Mean time per level.
                   A        B        C        D        E       F      G
               +--------+--------+--------+--------+--------+-----+--------+
         Total |    312 |    312 |      0 |    152 |     58 |   1 |  312.0 |
       Dungeon |    312 |    312 |      0 |    152 |     58 |   1 |  312.0 |
               +--------+--------+--------+--------+--------+-----+--------+

Top non-repeatable levels by time:
     D:1: 312 daAuts
